 Dungeon Crawl Stone Soup version 0.29-a0-321-gf1c400731a (webtiles) character file.

Game seed: 15207609656786041865

318 Morbidden the Chopper (level 6, 0/48 HPs)
             Began as a Demonspawn Fighter on Apr 3, 2022.
             Slain by a gnoll shaman
             ... wielding a +0 club
              (2 damage)
             ... on level 4 of the Dungeon.
             The game lasted 00:03:21 (2718 turns).

Morbidden the Chopper (Demonspawn Fighter)          Turns: 2718, Time: 00:03:23

Health: 0/48       AC:  3    Str: 20    XL:     6   Next: 21%
Magic:  6/6        EV: 11    Int: 11    God:
Gold:   155        SH:  4    Dex: 12    Spells: 5/5 levels left

rFire   . . .      SeeInvis .   a - +0 war axe
rCold   . . .      Faith    .   c - +0 buckler
rNeg    + + .      Spirit   .   n - +1 ring mail of Darkness {*Corrode rN++ Regen+ Str+3}
rPois   +          Reflect  .   (no helmet)
rElec   .          Harm     .   (no cloak)
rCorr   .          Rampage  .   (no gloves)
Will    .....                   f - +0 pair of boots
Stlth   +.........              (no amulet)
HPRegen 3.96/turn               p - ring of poison resistance
MPRegen 0.10/turn               (no ring)

@: mighty, corroded
A: powered by death 1, sturdy frame 1
a: no special abilities


You were on level 4 of the Dungeon.
You visited 1 branch of the dungeon, and saw 4 of its levels.

You collected 155 gold pieces.

Inventory:

Hand Weapons
 a - a +0 war axe (weapon)
Armour
 c - a +0 buckler (worn)
 f - a +0 pair of boots (worn)
 n - the +1 ring mail of Darkness (worn) {*Corrode rN++ Regen+ Str+3}
   (You found it on level 2 of the Dungeon)

   Str:       It affects your strength (+3).
   rN:        It greatly protects you from negative energy.
   Regen:     It increases your rate of health regeneration.
   *Corrode:  It may corrode you when you take damage.
Magical Staves
 b - a staff of air
Jewellery
 p - a ring of poison resistance (left hand)
Scrolls
 e - 2 scrolls of magic mapping {unknown}
 g - 2 scrolls of teleportation {unknown}
 h - 3 scrolls of identify {unknown}
 k - a scroll of fear {unknown}
 l - a scroll of immolation {unknown}
 m - a scroll of amnesia {unknown}
 o - a scroll of summoning {unknown}
 q - a scroll of brand weapon {unknown}
Potions
 i - a potion of brilliance {unknown}
 j - a potion of attraction {unknown}


   Skills:
 * Level 3.9 Fighting
 * Level 4.3 Axes
 + Level 3.2 Armour
 * Level 1.7 Dodging
 + Level 0.2 Stealth
 + Level 3.1 Shields


You had 5 spell levels left.
You didn't know any spells.
Your spell library was empty.

Dungeon Overview and Level Annotations

Branches:
Dungeon (4/15)
 Temple: D:4-7

Altars:


Innate Abilities, Weirdness & Mutations

You regenerate a little health from kills.
Your movements are slightly less encumbered by armour. (ER -2)


Message History

You barely miss the gnoll.
The gnoll is moderately wounded.
The gnoll hits you with a +0 whip.
The gnoll shaman calls upon its god to speed up the gnoll.
The gnoll seems to speed up.
A goblin comes into view. It is wielding a +0 dagger.
You block the gnoll's attack.
Unknown command.
You slash the gnoll!
You kill the gnoll!
You hit the gnoll. The gnoll closely misses you.
The gnoll hits you with a +0 whip.
Unknown command.
Unknown command.
You slash the gnoll!
You kill the gnoll!
Unknown command.
You closely miss the gnoll shaman.
The gnoll hits you from afar with a +0 halberd.
The gnoll shaman hits you with a +0 club.
The gnoll barely misses you.
Unknown command.
The gnoll hits you with a +0 halberd!
The gnoll shaman hits you with a +0 club.
The goblin hits you with a +0 dagger. The gnoll closely misses you.
You see here a +0 whip.
Unknown command.
You barely miss the gnoll. You slash the goblin!
You kill the goblin!
You barely miss the gnoll shaman. You barely miss the goblin.
The gnoll hits you with a +0 halberd.
Your corrosive artefact corrodes you!
The gnoll shaman hits you with a +0 club!
The goblin hits you but does no damage.
A dart slug comes into view.
The goblin hits you with a +0 dagger.
* * * LOW HITPOINT WARNING * * *
The gnoll hits you with a +0 halberd!
* * * LOW HITPOINT WARNING * * *
The gnoll shaman hits you with a +0 club.
You die...

#.................
#..................
###..........$.......
.....................
###..................
......$..............
#.......>..........
#..........gg......
#...<.)..).@g..)...
#...........).....w
#..........!.......
....................
#.#|.................
#....................
##..................
...............


You could see a gnoll shaman, a gnoll (fast), a dart slug (wandering) and a
goblin.

Vanquished Creatures
  Menkaure (D:4)
  A necrophage (D:3)
  2 adders
  3 gnolls (D:4)
  5 dart slugs
  2 orcs (D:4)
  8 ball pythons
  7 bats
  10 endoplasms
  5 giant cockroaches
  4 goblins
  4 hobgoblins
  6 jackals (D:3)
  3 kobolds (D:2)
  2 quokkas
  3 frilled lizards
  9 rats
75 creatures vanquished.

Vanquished Creatures (others)
  A plant (D:1)
1 creature vanquished.

Grand Total: 76 creatures vanquished

Notes
Turn   | Place    | Note
-------+----------+-------------------------------------------
     0 | D:1      | Morbidden the Demonspawn Fighter began the quest for the
                  | Orb.
     0 | D:1      | Reached XP level 1. HP: 18/18 MP: 1/1
   190 | D:1      | Gained mutation: Your movements are slightly less
                  | encumbered by armour. (ER -2) [demonic ancestry]
   190 | D:1      | Reached XP level 2. HP: 23/24 MP: 2/2
   518 | D:1      | Found a faded altar of an unknown god.
  1040 | D:2      | Reached skill level 2 in Axes
  1230 | D:2      | Reached XP level 3. HP: 25/29 MP: 3/3
  1718 | D:2      | Identified the +1 ring mail of Darkness {*Corrode rN++
                  | Regen+ Str+3}
  2024 | D:3      | Reached XP level 4. HP: 36/36 MP: 4/4
  2319 | D:3      | Noticed a necrophage
  2332 | D:3      | Killed a necrophage
  2333 | D:3      | Reached skill level 3 in Axes
  2333 | D:3      | Reached skill level 1 in Dodging
  2333 | D:3      | Reached XP level 5. HP: 39/42 MP: 5/5
  2696 | D:4      | Noticed Menkaure
  2702 | D:4      | Killed Menkaure
  2703 | D:4      | Reached skill level 4 in Axes
  2703 | D:4      | Gained mutation: You regenerate a little health from kills.
                  | [demonic ancestry]
  2703 | D:4      | Reached XP level 6. HP: 41/48 MP: 6/6
  2718 | D:4      | HP: 2/48 [gnoll/+0 halberd (11)]
  2718 | D:4      | Slain by a gnoll shaman

Illustrated notes

Levels and vault maps discovered:
D:1:      minmay_arrival_split_and_join, layout_basic,
          hellmonk_ecumenical_altar_arch_garden, serial_bayou_pond_c
D:2:      cheibrodos_helix_gallery, layout_rooms,
          chequers_serial_rivers_large_a, minmay_pentomino_p2
D:3:      layout_basic, minmay_surrounded
D:4:      layout_basic, gup_sewer_entry_pipe, minmay_mini_ossuary, uniq_ijyb,
          uniq_menkaure

Skill      XL: |  1  2  3  4  5 |
---------------+----------------+-----
Armour         | 3 |  3.2
Shields        | 3 |  3.1
Axes           | 2 3 4 |  4.3
Dodging        | 1 |  1.7
Fighting       | |  3.9
Stealth        | |  0.2

Action                   |  1- 3 |  4- 6 || total
-------------------------+-------+-------++-------
Melee: War axe           |   138 |    77 ||   215
  Use: Potion            |       |     1 ||     1
Armor: Scale mail        |    55 |       ||    55
       Chain mail        |    27 |       ||    27
       Ring mail         |    11 |    34 ||    45
Dodge: Dodged            |    80 |    54 ||   134
Block: Buckler           |    37 |    13 ||    50

Table legend: (Time is in decaauts)
 A = Elapsed time spent in this place.
 B = Non-inter-level travel time spent in this place.
 C = Inter-level travel time spent in this place.
 D = Time resting spent in this place.
 E = Time spent auto-exploring this place.
 F = Levels seen in this place.
 G = Mean time per level.
                   A        B        C        D        E       F      G
               +--------+--------+--------+--------+--------+-----+--------+
         Total |   2822 |   2733 |     89 |      0 |   2159 |   4 |  705.5 |
       Dungeon |   2822 |   2733 |     89 |      0 |   2159 |   4 |  705.5 |
               +--------+--------+--------+--------+--------+-----+--------+

Top non-repeatable levels by time:
     D:1: 1044 daAuts
     D:2: 956 daAuts
     D:3: 783 daAuts
     D:4: 37 daAuts
